 Dungeon Crawl Stone Soup version 0.27.1 (webtiles) character file.

Game seed: 16471363214869620874

982 Atelerd the Sneak (level 8, -2/46 HPs)
             Began as an Octopode Earth Elementalist on Sept 4, 2021.
             Slain by Duvessa (3 damage)
             ... on level 5 of the Dungeon.
             The game lasted 00:07:04 (6267 turns).

Atelerd the Sneak (Octopode Earth Elementalist)     Turns: 6267, Time: 00:07:05

Health: -2/46      AC:  1    Str:  7    XL:     8   Next: 17%
Magic:  9/14       EV: 14    Int: 20    God:
Gold:   494        SH:  0    Dex: 12    Spells: 10/15 levels left

rFire    . . .     SeeInvis .   g - +0 dagger
rCold    . . .     Faith    .   (no shield)
rNeg     . . .     Spirit   .   (helmet restricted)
rPois    .         Reflect  .   (no amulet)
rElec    .         Harm     .   o - ring of willpower
rCorr    .         Rampage  .   (no ring)
Will     +....                  (no ring)
Stlth    ++++......             (no ring)
HPRegen  0.15/turn              (no ring)
MPRegen  0.14/turn              (no ring)
                                (no ring)
                                (no ring)

@: attractive
A: almost no armour, amphibious, 8 rings, camouflage 1, gelatinous body 1,
(nimble swimmer 1), tentacles
a: no special abilities


You were on level 5 of the Dungeon.
You visited 1 branch of the dungeon, and saw 5 of its levels.
You also visited: Ossuary.

You collected 563 gold pieces.
You spent 69 gold pieces at shops.

Inventory:

Hand Weapons
 g - a +0 dagger (weapon)
Missiles
 b - 36 stones
Jewellery
 o - a ring of willpower (left tentacle)
Wands
 k - a wand of acid (2)
Scrolls
 a - a scroll of magic mapping
 d - 4 scrolls of noise
 f - 3 scrolls of fog
 i - 4 scrolls of silence
 m - a scroll of amnesia
 r - a scroll of summoning {unknown}
 u - 2 scrolls of teleportation {unknown}
 y - 3 scrolls of identify
Potions
 c - a potion of attraction
 e - 6 potions of curing
 h - a potion of cancellation {unknown}
 j - a potion of haste {unknown}
 n - a potion of lignification {unknown}
 p - 2 potions of magic {unknown}
 q - a potion of flight {unknown}
 s - 2 potions of degeneration {unknown}
 t - a potion of heal wounds {unknown}
 v - a potion of might {unknown}
 w - a potion of brilliance {unknown}
 x - a potion of berserk rage {unknown}


   Skills:
 + Level 4.6 Dodging
 - Level 6.0 Stealth
 + Level 4.2 Spellcasting
 + Level 4.1 Transmutations
 + Level 5.1 Earth Magic


You had 10 spell levels left.
You knew the following spells:

 Your Spells              Type           Power      Damage    Failure   Level
a - Sandblast             Erth           48%        2d12      1%          1
p - Petrify               Tmut/Erth      22%        N/A       19%         4

Your spell library contained the following spells:

 Spells                   Type           Power      Damage    Failure   Level
 Passwall                 Tmut/Erth      18%        N/A       3%          2
 Corona                   Hex            4%         N/A       13%         1
 Foxfire                  Conj/Fire      16%        2x1d4     13%         1
 Summon Small Mammal      Summ           16%        N/A       13%         1
 Stone Arrow              Conj/Erth      28%        3d8       13%         3
 Ensorcelled Hibernation  Hex/Ice        8%         N/A       19%         2
 Call Canine Familiar     Summ           4%         N/A       36%         3
 Conjure Flame            Conj/Fire      4%         6-21      36%         3
 Inner Flame              Hex/Fire       4%         N/A       36%         3
 Summon Guardian Golem    Hex/Summ       4%         N/A       36%         3
 Tukima's Dance           Hex            4%         N/A       36%         3


Dungeon Overview and Level Annotations

Branches:
Dungeon (5/15)            Ossuary (visited)
 Temple: D:4-7

Altars:
Gozag

Shops:
D:5 *

Annotations:
D:3 exclusion: downstairs
D:5 Duvessa


Innate Abilities, Weirdness & Mutations

You cannot wear most types of armour.
You are amphibious.
You can wear up to eight rings at the same time.
Your skin changes colour to match your surroundings (Stealth+).
Your rubbery body absorbs attacks. (AC +1, EV +1)
((You are camouflaged near water. (Stealth+)))
You have tentacles for arms and can constrict up to eight enemies at once.


Message History

Okay, then.
Casting: Sandblast (safe; 1% risk of failure)
Confirm with . or Enter, or press ? or * to list all spells.
The spell is quite dangerous to cast (19% risk of failure)!
Continue anyway?
Aiming: Petrify (quite dangerous; 19% risk of failure)
Press: ? - help, Shift-Dir - straight line, f - Duvessa
Aim: Duvessa, wielding a +0 short sword of flaming and wearing a +0 leather armour (berserk, chance to affect: 34%) Duvessa easily resists.
Duvessa hits you with a +0 short sword of flaming!
Duvessa burns you.
* * * LOW HITPOINT WARNING * * *
Unknown command.
Okay, then.
Blink to where?
Press: ? - help, Dir - move target, p - Duvessa
As you read the scroll of blinking, it crumbles to dust.
Aiming: Corrosive Bolt
Press: ? - help, Shift-Dir - straight line
Okay, then.
It was a potion of attraction.
You feel attractive to monsters. Duvessa is pulled toward you!
Aiming: Corrosive Bolt
Press: ? - help, Shift-Dir - straight line, f - Duvessa
Aim: Duvessa, wielding a +0 short sword of flaming and wearing a +0 leather armour (berserk, 75% to hit)
The bolt of acid hits Duvessa!
Duvessa is splashed with acid.
Duvessa is moderately wounded.
Duvessa closely misses you.
Unknown command.
Unknown command.
Aiming: Corrosive Bolt
Press: ? - help, Shift-Dir - straight line, f/p - Duvessa
Aim: Duvessa, wielding a +0 short sword of flaming and wearing a +0 leather armour (moderately wounded, berserk, 75% to hit)
The bolt of acid hits Duvessa!
Duvessa is splashed with acid!
Duvessa is severely wounded.
Duvessa barely misses you.
Duvessa hits you with a +0 short sword of flaming!
* * * LOW HITPOINT WARNING * * *
Duvessa burns you.
You die...

*,,..........###.#.
*##................
*#..................
#########..##........###.##.
#.........*#..........#....#
#.......#**#..........#....#
#..)...#####........>.#....#
#.$.......##..........###..#
#########.e@..........# ##.#
#####........## #.#
##......######.#
#####.......... ########.#.
##....... ###########
#########(.......
#.........###................
#.....................#......


You could see Duvessa (berserk).

Vanquished Creatures
  A black bear (D:5)
  A sky beast (D:5)
  An ogre (D:3)
  A phantom (D:5)
  A centaur (D:5)
  A water moccasin zombie (D:5)
  Dowan (D:5)
  3 hounds
  A centaur skeleton (D:4)
  3 iguanas (D:5)
  An orc wizard (D:4)
  8 mummies (Ossuary)
  5 adders
  An adder skeleton (D:4)
  3 worms
  4 dart slugs
  5 orcs
  6 ball pythons
  7 endoplasms
  2 giant cockroaches (D:1)
  8 goblins
  4 hobgoblins
  2 quokkas
  9 bats
  6 frilled lizards (D:1)
  A gnoll zombie (Ossuary)
  A hobgoblin zombie (Ossuary)
  5 kobolds
  3 kobold zombies (Ossuary)
  3 orc zombies (Ossuary)
  6 rats
104 creatures vanquished.

Notes
Turn   | Place    | Note
-------+----------+-------------------------------------------
     0 | D:1      | Atelerd the Octopode Earth Elementalist began the quest for
                  | the Orb.
     0 | D:1      | Reached XP level 1. HP: 11/11 MP: 3/3
   213 | D:1      | Reached XP level 2. HP: 17/17 MP: 0/5
   434 | D:1      | Reached skill level 3 in Stealth
   988 | D:1      | Reached XP level 3. HP: 14/21 MP: 4/6
  2080 | D:2      | Reached XP level 4. HP: 22/27 MP: 4/7
  2270 | D:2      | Found an opulent altar of Gozag.
  2503 | D:2      | Learned a level 4 spell: Petrify
  2723 | D:3      | HP: 1/27 [hobgoblin (1)]
  3400 | D:3      | Found a faded altar of an unknown god.
  3652 | D:4      | Reached skill level 4 in Stealth
  3652 | D:4      | Reached XP level 5. HP: 23/31 MP: 7/9
  3964 | D:4      | Noticed an ogre
  4261 | D:3      | Killed an ogre
  4262 | D:3      | Reached XP level 6. HP: 36/36 MP: 2/10
  4834 | D:5      | Entered Level 5 of the Dungeon
  4834 | D:5      | Noticed a sky beast
  4840 | D:5      | Killed a sky beast
  4841 | D:5      | Reached skill level 5 in Stealth
  4999 | D:5      | Reached XP level 7. HP: 19/41 MP: 10/12
  5008 | D:5      | Found Fuoddoc's General Store.
  5017 | D:5      | Bought a scroll of identify for 30 gold pieces
  5017 | D:5      | Bought a scroll of noise for 15 gold pieces
  5017 | D:5      | Bought 16 stones for 24 gold pieces
  5247 | D:5      | Found a sand-covered staircase.
  5256 | Ossuary  | Entered an ossuary
  6090 | D:5      | Reached skill level 6 in Stealth
  6090 | D:5      | Reached XP level 8. HP: 46/46 MP: 11/14
  6144 | D:5      | Reached skill level 5 in Earth Magic
  6253 | D:5      | Noticed Dowan
  6255 | D:5      | Noticed Duvessa
  6262 | D:5      | Killed Dowan
  6267 | D:5      | HP: 1/46 [Duvessa (12)]
  6267 | D:5      | Slain by Duvessa

Illustrated notes

Levels and vault maps discovered:
D:1:      amcnicky_arrival_flooded_fountain, layout_loops_ring
D:2:      layout_basic, basic_altar, amethyst_killhole
D:3:      layout_rooms, shapermc_ecumenical_altar_mp_vishouse,
          roderic_cross_of_infinity
D:4:      layout_cave_pools, serial_column_ruins, column_ruins_hut_ruined,
          column_ruins_hut_water, column_ruins_columns_plus,
          column_ruins_columns_dead_end, column_ruins_grid_1,
          column_ruins_columns_corner, column_ruins_open_tiny,
          column_ruins_corridor_corner
D:5:      layout_rooms, nicolae_ossuary_entry_ruins, serial_shops, shop_coins,
          kennysheep_dice, uniq_duvessa

Skill      XL: |  1  2  3  4  5  6  7  8 |
---------------+-------------------------+-----
Stealth        | 3 4 5 6 |  6.0
Transmutations | 2 3 4 |  4.1
Dodging        | 3 4 |  4.6
Spellcasting   | 3 4 |  4.2
Earth Magic    | 4 5 |  5.1

Action                   |  1- 3 |  4- 6 |  7- 9 || total
-------------------------+-------+-------+-------++-------
Melee: Unarmed           |    38 |       |       ||    38
       Constrict         |    15 |    16 |     4 ||    35
       Tentacles         |     9 |    15 |     3 ||    27
       Dagger            |       |    65 |    15 ||    80
 Cast: Sandblast         |    41 |    45 |    51 ||   137
       Petrify           |       |     1 |     1 ||     2
Evoke: Wand              |       |       |     2 ||     2
  Use: Potion            |     1 |       |     1 ||     2
       Scroll            |       |     4 |     3 ||     7
 Stab: Sleeping          |     2 |    14 |     4 ||    20
       Distracted        |       |       |     1 ||     1
Armor: Skin              |     5 |     9 |     1 ||    15
Dodge: Dodged            |    27 |    54 |    15 ||    96
